Map: Pride of Altaris LE

Players

Warthog - Winner!

  • Race: Terran Terran
  • League: Master
  • Spawn Location: 11:00

MaaajorWood

  • Race: Zerg Zerg
  • League: Master
  • Spawn Location: 5:00

VOD

Have the link to the VOD?

Description

Time

  • Played on: Jan. 11, 2022, 7:56 p.m.
  • Length: 5:50
Show
View Real Time Build Order
Export as new Build Order

Warthog Terran - Winner!

Build Orders: Liberator Opening, Reaper Expand 

Get SALT Encoding   

  12  0:00  SCV  
  13  0:12  SCV  
  14  0:16  Supply Depot  
  14  0:24  SCV  
  15  0:38  SCV  
  15  0:40  Barracks  
  16  0:43  Refinery  
  16  0:50  SCV  
  17  1:02  SCV  
  18  1:14  SCV  
  19  1:26  Orbital Command  
  19  1:27  Reaper  
  20  1:38  Command Center  
  20  1:47  Supply Depot  
  20  1:52  SCV  
  21  2:00  Marine  
  22  2:03  Factory  
  22  2:08  SCV  
  22  2:11  Refinery  
  23  2:22  Barracks Reactor, SCV  
  24  2:34  SCV  
  25  2:47  Starport  
  25  2:50  SCV  
  26  3:02  SCV  
  26  3:05  Orbital Command  
  27  3:08  Hellion  
  27  3:09  Hellion  
  31  3:14  SCV  
  31  3:18  Marine  
  33  3:26  Liberator, SCV  
  37  3:30  Hellion x2  
  41  3:35  SCV  
  42  3:44  SCV  
  43  3:51  Hellion  
  43  3:52  SCV  
  46  3:56  Supply Depot  
  46  3:59  Supply Depot  
  46  4:00  Armory  
  46  4:05  SCV x2  
  46  4:06  Hellion  
  50  4:17  SCV x2  
  50  4:19  Liberator  
  50  4:20  Hellion  
  50  4:22  Supply Depot  
  57  4:27  Hellion  
  57  4:30  SCV x2  
  61  4:42  SCV x2  
  61  4:45  Command Center  
  63  4:56  SCV, Hellion x2  
  68  5:00  SCV  
  68  5:02  Refinery  
  68  5:03  Supply Depot, Refinery  
  69  5:08  SCV  
  70  5:17  SCV  
  70  5:20  SCV  
  70  5:26  Supply Depot  
  70  5:29  SCV  
  70  5:32  SCV  
  70  5:36  Factory  
  70  5:37  Factory  
  70  5:38  Factory  
  70  5:39  Factory  
  70  5:48  Armory  
Show
View Real Time Build Order
Export as new Build Order

MaaajorWood Zerg 

Build Orders: Hatch First 

Get SALT Encoding   

  12  0:01  Drone  
  13  0:12  Overlord  
  13  0:17  Drone  
  14  0:31  Drone x2  
  16  0:47  Hatchery  
  15  0:51  Drone  
  15  0:54  Drone  
  17  0:57  Drone  
  18  1:07  Extractor  
  17  1:12  Spawning Pool  
  17  1:16  Drone  
  17  1:19  Drone  
  18  1:28  Drone  
  19  1:39  Overlord  
  19  1:50  Drone  
  20  1:59  Queen x2  
  20  2:01  Zergling x4  
  26  2:09  Metabolic Boost  
  26  2:12  Drone x2  
  29  2:22  Drone  
  29  2:23  Drone  
  30  2:34  Drone  
  30  2:35  Queen, Drone  
  33  2:45  Overlord  
  33  2:47  Overlord  
  33  3:03  Drone x2  
  34  3:08  Drone x5  
  34  3:10  Drone x3  
  42  3:15  Extractor  
  42  3:17  Drone  
  42  3:18  Extractor  
  42  3:19  Drone  
  42  3:33  Drone  
  43  3:45  Zergling x2  
  43  3:47  Overlord x2  
  43  3:49  Overlord  
  43  3:57  Lair  
  43  3:58  Extractor  
  42  4:07  Drone x3  
  42  4:08  Drone x3  
  47  4:19  Zergling x8  
  51  4:31  Queen  
  51  4:32  Overlord x2  
  50  4:51  Drone x5  
  50  4:52  Drone x3  
  58  4:57  Spire  
  57  5:02  Queen  
  57  5:05  Zergling x4  
Tags
 
Add a new tag
Caveats
  • Supply blocks, unpowered buildings, or Contaminate may cause inaccurate times.
  • Supply counts are checked every 10 seconds.